Map: Galactic Process LE

Players

Fropez - Winner!

  • Race: Protoss Protoss
  • League: Gold
  • Spawn Location: 1:00

DjBlugill

  • Race: Zerg Zerg
  • League: Gold
  • Spawn Location: 7:00

VOD

Have the link to the VOD?

Description

Time

  • Played on: Oct. 14, 2016, 6:43 p.m.
  • Length: 18:05
Show
View Real Time Build Order
Export as new Build Order

Fropez Protoss - Winner!

Build Orders: 1 Gate Expand 

Get SALT Encoding   

  12  0:02  Probe (Chrono Boost)  
  13  0:12  Probe (Chrono Boost)  
  14  0:20  Pylon  
  14  0:24  Probe (Chrono Boost)  
  15  0:38  Gateway  
  15  0:39  Probe (Chrono Boost)  
  16  0:49  Assimilator  
  16  0:50  Probe (Chrono Boost)  
  16  1:23  Probe (Chrono Boost)  
  17  1:28  Nexus  
  17  1:34  Probe (Chrono Boost)  
  18  1:42  Gateway  
  18  1:46  Probe (Chrono Boost)  
  19  1:56  Probe (Chrono Boost)  
  19  2:00  Cybernetics Core  
  20  2:07  Probe (Chrono Boost)  
  21  2:11  Assimilator  
  21  2:17  Probe (Chrono Boost)  
  22  2:25  Pylon  
  22  2:28  Probe (Chrono Boost)  
  23  2:39  Adept  
  23  2:40  Probe (Chrono Boost)  
  23  2:41  Adept  
  28  2:50  Warp Gate  
  29  2:53  Mothership Core (Chrono Boost)  
  29  2:56  Probe (Chrono Boost)  
  31  3:07  Adept  
  31  3:09  Adept  
  35  3:13  Probe (Chrono Boost)  
  34  3:34  Adept  
  34  3:36  Adept  
  38  3:46  Probe (Chrono Boost)  
  38  3:47  Probe (Chrono Boost)  
  40  3:57  Probe (Chrono Boost)  
  40  3:58  Probe (Chrono Boost)  
  42  4:02  Pylon  
  42  4:04  Pylon  
  42  4:05  Adept  
  42  4:07  Probe (Chrono Boost)  
  37  4:54  Gateway  
  37  4:55  Gateway  
  37  4:56  Gateway  
  37  4:57  Probe (Chrono Boost)  
  37  4:58  Probe (Chrono Boost)  
  39  5:01  Pylon  
  39  5:03  Pylon  
  39  5:08  Stalker  
  39  5:10  Stalker  
  43  5:15  Probe (Chrono Boost), Assimilator  
  43  5:17  Probe (Chrono Boost)  
  45  5:26  Probe (Chrono Boost)  
  46  5:29  Probe (Chrono Boost)  
  46  5:33  Forge  
  47  5:40  Nexus  
  47  6:00  Twilight Council  
  47  6:02  Gateway  
  47  6:03  Pylon  
  47  6:04  Probe (Chrono Boost)  
  47  6:05  Probe (Chrono Boost)  
  49  6:14  Pylon x2  
  49  6:20  Adept x3  
  49  6:21  Adept  
  57  6:26  Resonating Glaives  
  57  6:27  Assimilator  
  57  6:35  Probe (Chrono Boost), Gateway  
  57  6:36  Probe (Chrono Boost)  
  59  6:41  Protoss Ground Weapons Level 1 (Chrono Boost)  
  59  6:54  Probe  
  60  6:56  Probe  
  61  7:07  Probe  
  62  7:11  Adept x2  
  62  7:12  Adept x2  
  70  7:20  Gateway  
  70  7:22  Probe  
  71  7:26  Assimilator  
  71  7:31  Assimilator  
  71  7:34  Stalker  
  73  7:44  Pylon  
  73  7:46  Pylon  
  73  7:48  Adept x2  
  73  7:51  Blink  
  77  7:52  Probe x2  
  79  8:01  Stalker  
  81  8:17  Adept x3  
  81  8:18  Adept  
  89  8:28  Adept  
  89  8:29  Adept x2  
  95  8:37  Probe  
  95  8:38  Probe  
  97  8:45  Probe  
  98  8:53  Adept x5  
  98  8:54  Adept  
  99  9:42  Stalker  
  99  9:43  Stalker x5  
  99  9:44  Stalker x2  
  113  9:49  Protoss Ground Weapons Level 2 (Chrono Boost)  
  95  10:22  Adept x4  
  95  10:23  Adept x4  
  99  10:29  Probe  
  99  10:30  Probe x2  
  96  11:10  Adept x5  
  96  11:11  Adept x3  
  98  11:12  Probe  
  98  11:13  Probe x2  
  93  11:25  Probe  
  91  11:26  Probe x2  
  80  11:44  Robotics Facility  
  80  11:46  Robotics Facility  
  80  11:50  Gateway x2  
  80  11:52  Gateway  
  80  11:55  Pylon, Gateway, Protoss Ground Weapons Level 3 (Chrono Boost)  
  78  12:02  Gateway  
  78  12:03  Mothership Core  
  78  12:05  Templar Archives  
  78  12:06  Stalker  
  78  12:07  Stalker x2  
  76  12:08  Stalker  
  76  12:09  Stalker  
  64  12:17  Stalker x2  
  59  12:32  Immortal (Chrono Boost)  
  59  12:35  Immortal (Chrono Boost)  
  63  12:47  Stalker x3  
  63  12:48  Stalker  
  72  13:13  Immortal x2 (Chrono Boost)  
  72  13:22  Zealot x3  
  78  13:33  High Templar x7  
  92  13:34  High Templar x2  
  92  13:37  Archon x3  
  92  13:38  Archon  
  92  13:41  Probe x2  
  96  13:42  Probe  
  96  13:47  Charge  
  99  14:06  High Templar x2  
  99  14:07  High Templar x5  
  113  14:13  Archon x2  
  113  14:14  Archon  
  113  14:16  High Templar x4  
  121  14:20  Archon x2  
  121  14:26  Pylon  
  121  14:51  Zealot  
  121  14:52  Zealot x7  
  115  14:53  Nexus, Zealot x4  
  115  14:59  Protoss Ground Armor Level 1  
  125  15:08  Assimilator x2  
  121  15:23  Zealot x7  
  121  15:24  Zealot  
  137  15:34  Zealot x2  
  141  15:41  Pylon  
  131  16:02  Forge  
  125  16:04  Pylon  
  125  16:09  Probe  
  125  16:10  Probe x2  
  116  16:19  Pylon  
  116  16:24  High Templar  
  116  16:25  High Templar x4  
  112  16:26  Zealot x3  
  112  16:27  Zealot x4  
  124  16:36  Archon x2  
  114  17:08  Nexus  
  114  17:09  Pylon  
  114  17:11  Adept x6  
  114  17:12  Adept x5  
  114  17:13  Pylon  
  114  17:15  Assimilator  
  136  17:17  Assimilator  
  136  17:22  Pylon  
  132  17:45  Zealot  
  132  17:46  Zealot x6  
  132  17:47  Zealot x5  
Show
View Real Time Build Order
Export as new Build Order

DjBlugill Zerg 

Build Orders: Pool First 

Get SALT Encoding   

  12  0:02  Drone  
  13  0:15  Overlord  
  13  0:17  Drone  
  14  0:33  Drone x2  
  16  0:43  Drone  
  16  0:49  Drone  
  18  1:07  Spawning Pool  
  18  1:08  Drone  
  18  1:15  Drone  
  19  1:20  Hatchery  
  19  1:24  Drone  
  19  1:36  Overlord  
  19  1:42  Drone  
  20  2:09  Queen  
  20  2:11  Zergling x4  
  20  2:14  Extractor  
  23  2:17  Roach Warren, Drone  
  23  2:32  Drone  
  23  2:33  Drone  
  23  2:34  Queen  
  23  2:36  Drone  
  28  2:46  Drone  
  29  2:58  Drone  
  30  3:01  Overlord  
  30  3:02  Drone  
  31  3:10  Drone x2  
  30  3:41  Overlord  
  30  3:47  Evolution Chamber, Lair  
  30  3:48  Evolution Chamber  
  28  3:51  Roach  
  28  3:52  Roach x2  
  34  4:02  Extractor  
  31  4:24  Roach  
  31  4:25  Roach x2  
  31  4:26  Roach  
  37  4:33  Drone x10  
  43  4:40  Drone  
  43  4:49  Roach  
  45  4:55  Spine Crawler  
  45  4:58  Queen  
  46  5:02  Extractor  
  46  5:04  Drone x7  
  52  5:26  Overlord  
  52  5:27  Overlord  
  52  5:42  Zerg Missile Weapons Level 1  
  52  5:43  Hatchery  
  51  5:59  Drone x2  
  51  6:00  Drone  
  54  6:11  Hydralisk Den  
  53  6:20  Overseer  
  53  6:21  Overseer  
  53  6:24  Extractor  
  53  6:25  Drone x7  
  58  6:26  Overlord, Drone  
  60  6:33  Zerg Melee Weapons Level 1  
  60  6:34  Overlord  
  60  6:35  Overlord  
  60  6:43  Queen  
  62  6:53  Drone x4  
  62  6:54  Overlord, Drone  
  67  6:56  Drone  
  67  6:57  Muscular Augments  
  68  7:03  Infestation Pit  
  68  7:05  Zergling x2  
  68  7:06  Zergling x6  
  71  7:25  Extractor  
  70  7:30  Spine Crawler, Spore Crawler  
  70  7:32  Extractor  
  70  7:34  Queen  
  69  7:55  Hydralisk x8, Roach  
  69  7:56  Hydralisk x2  
  91  8:06  Zergling x2  
  91  8:07  Zergling x10  
  97  8:15  Spore Crawler  
  96  8:20  Hive  
  96  8:32  Overlord x2  
  96  8:40  Hydralisk  
  98  8:42  Overlord  
  98  8:50  Overlord  
  98  8:51  Drone  
  98  8:52  Drone x7  
  106  8:58  Metabolic Boost  
  106  9:00  Glial Reconstitution  
  89  9:28  Drone x4  
  89  9:29  Drone x2  
  89  9:30  Zergling x2  
  89  9:31  Zergling x14  
  88  9:47  Hydralisk x3  
  88  9:48  Hydralisk  
  94  9:58  Roach  
  94  9:59  Roach x2  
  95  10:11  Queen  
  70  10:28  Spine Crawler  
  70  10:30  Spine Crawler  
  70  10:33  Roach  
  70  10:34  Roach x9  
  74  11:55  Hatchery  
  73  12:02  Ultralisk Cavern, Hatchery  
  73  12:05  Hydralisk Den  
  56  12:33  Zergling x34  
  56  12:34  Zergling x14  
  76  12:56  Drone x4  
  70  13:07  Overlord x3  
  70  13:22  Evolution Chamber  
  70  13:23  Ultralisk  
  70  13:24  Evolution Chamber, Ultralisk x2  
  86  13:43  Spine Crawler  
  86  13:46  Spine Crawler  
  84  13:53  Drone x13  
  97  13:59  Chitinous Plating  
  97  14:03  Zerg Ground Armor Level 1  
  97  14:04  Zerg Melee Weapons Level 2  
  97  14:23  Overseer  
  97  14:26  Overseer  
  97  14:27  Overseer  
  97  14:34  Spire  
  94  14:39  Ultralisk  
  94  14:40  Ultralisk x2  
  108  14:51  Ultralisk  
  76  15:28  Extractor  
  76  15:29  Extractor  
  76  15:30  Hydralisk x13  
  76  15:33  Overlord  
  76  15:34  Overlord  
  92  15:43  Spawning Pool  
  77  16:09  Extractor  
  74  16:15  Hydralisk x2  
  74  16:16  Hydralisk x4  
  78  16:19  Hatchery  
  67  16:28  Drone  
  67  16:29  Drone x5  
  49  16:51  Hydralisk  
  49  16:52  Hydralisk x2  
  55  17:04  Drone x3  
  58  17:13  Pneumatized Carapace  
  48  17:52  Spine Crawler  
  48  17:54  Spine Crawler  
Tags
 
Add a new tag
Caveats
  • Supply blocks, unpowered buildings, or Contaminate may cause inaccurate times.
  • Supply counts are checked every 10 seconds.